 Dungeon Crawl Stone Soup version 0.31-a0-355-g57cb03d3e8 (webtiles) character file.

Game seed: 9743817631588362951

89 cforsyth the Charlatan (level 4, -3/34 HPs)
             Began as a Gnoll Artificer on July 25, 2023.
             Slain by an orc
             ... wielding a +0 hand axe of electrocution
              (4 damage)
             ... on level 3 of the Dungeon.
             The game lasted 00:03:39 (2268 turns).

cforsyth the Charlatan (Gnoll Artificer)            Turns: 2268, Time: 00:03:39

Health: -3/34      AC:  3    Str: 11    XL:     4   Next: 55%
Magic:  5/5        EV: 12    Int: 13    God:
Gold:   121        SH:  0    Dex: 12    Spells: 5/5 levels left

rFire   . . .        a - +0 club
rCold   . . .        (no shield)
rNeg    . . .        b - +0 leather armour
rPois   .            (no helmet)
rElec   .            (no cloak)
rCorr   .            (no gloves)
SInv    .            (no boots)
Will    .....        (no amulet)
Stlth   ++           (no ring)
HPRegen 0.25/turn    (no ring)
MPRegen 0.09/turn

%: no passive effects
@: no status effects
A: fangs 1, strong nose, distributed training
a: no special abilities


You were on level 3 of the Dungeon.
You visited 1 branch of the dungeon, and saw 3 of its levels.

You collected 121 gold pieces.

Inventory:

Hand Weapons
 a - a +0 club (weapon)
Armour
 b - a +0 leather armour (worn)
Jewellery
 j - a ring of fire
Wands
 c - a wand of flame (12) (quivered)
 d - a wand of charming (15)
 e - a wand of iceblast (5)
Scrolls
 f - 2 scrolls of identify {unknown}
 g - a scroll of vulnerability {unknown}
 h - a scroll of teleportation {unknown}
 k - a scroll of fear {unknown}
 l - a scroll of poison {unknown}
 m - a scroll of revelation {unknown}
Potions
 i - a potion of invisibility


   Skills:
 + Level 2.8 Fighting
 + Level 1.2 Short Blades
 + Level 1.2 Long Blades
 + Level 1.2 Axes
 + Level 1.2 Maces & Flails
 + Level 1.2 Polearms
 + Level 1.2 Staves
 + Level 1.2 Ranged Weapons
 + Level 1.2 Throwing
 + Level 4.6 Armour
 + Level 2.8 Dodging
 + Level 2.6 Stealth
 + Level 1.2 Shields
 + Level 1.2 Unarmed Combat
 + Level 1.2 Spellcasting
 + Level 1.0 Conjurations
 + Level 1.0 Hexes
 + Level 1.0 Summonings
 + Level 1.0 Necromancy
 + Level 1.0 Translocations
 + Level 1.0 Transmutations
 + Level 1.0 Fire Magic
 + Level 1.0 Ice Magic
 + Level 1.0 Air Magic
 + Level 1.0 Earth Magic
 + Level 1.0 Poison Magic
 + Level 1.3 Invocations
 + Level 6.6 Evocations
 + Level 1.0 Shapeshifting


You had 5 spell levels left.
You didn't know any spells.
Your spell library contained the following spells:

 Spells                   Type           Power      Damage    Failure   Level
 Apportation              Tloc           6%         N/A       24%         1
 Summon Small Mammal      Summ           12%        N/A       24%         1
 Call Canine Familiar     Summ           3%         N/A       56%         3
 Summon Guardian Golem    Hex/Summ       3%         N/A       56%         3
 Alistair's Intoxication  Tmut/Pois      2%         N/A       100%        5


Dungeon Overview and Level Annotations

Branches:
Dungeon (3/15)

Altars:


Innate Abilities, Weirdness & Mutations

You have very sharp teeth.
Your uncanny sense of smell can sniff out nearby items.
Your experience applies equally to all skills.


Message History

No target in view!
No target in view!
No target in view!
No target in view!
No target in view!
No target in view!
You see here a +0 flail.
There is a stone staircase leading up, spattered with blood here.
An orc comes into view.
It is wielding a +0 hand axe of electrocution and wearing a +1 chain mail of poison resistance.
An orc is nearby!
An orc is nearby!
The orc shouts!
You hear a shout!
You closely miss the orc.
The orc hits you with a +0 hand axe of electrocution.
You are electrocuted!
You are too injured to fight recklessly!
You are too injured to fight recklessly!
You are too injured to fight recklessly!
You are too injured to fight recklessly!
You are too injured to fight recklessly!
You are too injured to fight recklessly!
You are too injured to fight recklessly!
You are too injured to fight recklessly!
You hit the orc but do no damage. You punch the orc, but do no damage.
The orc misses you.
You hit the orc but do no damage.
The orc hits you with a +0 hand axe of electrocution!
* * * LOW HITPOINT WARNING * * *
The orc wizard mumbles some strange words.
The orc wizard flickers and vanishes!
Deactivating autopickup; reactivate with Ctrl-A.
The orc hits you with a +0 hand axe of electrocution!
* * * LOW HITPOINT WARNING * * *
Aiming: Throw Flame
Press: ? - help, Shift-Dir - straight line, f - orc
Aim: an orc, wielding a +0 hand axe of electrocution and wearing a +1 chain mail of poison resistance (81% to hit)
The puff of flame hits the orc.
The orc is heavily wounded.
The orc hits you with a +0 hand axe of electrocution.
You die...

...... ##.# ......
##$.###### ......
##..#.....## ......
..#.......## ....##
.#.........#
...####.#....>....#
###.##...#.........# #####..
#......###.........##.......
#####.#........o@..<)..†..#
......####.{..........#####
......##...###.........#
...?........ #.....)...# ∆
#.....#####..#.........#
#....... #...........#
#.o...###..............#
#....## ######......)##
#..o.# ##........


You could see an orc.

Vanquished Creatures
  2 adders
  2 adder skeletons (D:2)
  An adder zombie (D:2)
  A dart slug (D:2)
  2 orcs
  5 ball pythons
  2 bat skeletons (D:2)
  4 endoplasms
  2 giant cockroaches (D:2)
  5 hobgoblins
  A quokka (D:2)
  A ball python skeleton (D:2)
  3 ball python zombies (D:2)
  5 bats
  6 frilled lizards
  7 goblins
  A jackal skeleton (D:2)
  3 kobolds
  A quokka skeleton (D:2)
  2 quokka zombies (D:2)
  5 rats
61 creatures vanquished.

Notes
Turn   | Place    | Note
-------+----------+-------------------------------------------
     0 | D:1      | cforsyth the Gnoll Artificer began the quest for the Orb.
     0 | D:1      | Reached XP level 1. HP: 17/17 MP: 1/1
   219 | D:1      | Reached XP level 2. HP: 18/23 MP: 2/2
   841 | D:1      | Reached XP level 3. HP: 27/28 MP: 3/3
  1343 | D:2      | Reached skill level 1 in Invocations
  1561 | D:2      | Reached skill level 1 in Short Blades
  1561 | D:2      | Reached skill level 1 in Long Blades
  1561 | D:2      | Reached skill level 1 in Axes
  1561 | D:2      | Reached skill level 1 in Maces & Flails
  1561 | D:2      | Reached skill level 1 in Polearms
  1561 | D:2      | Reached skill level 1 in Staves
  1561 | D:2      | Reached skill level 1 in Ranged Weapons
  1561 | D:2      | Reached skill level 1 in Throwing
  1561 | D:2      | Reached skill level 1 in Shields
  1561 | D:2      | Reached skill level 1 in Unarmed Combat
  1561 | D:2      | Reached skill level 1 in Spellcasting
  1631 | D:2      | Reached XP level 4. HP: 34/34 MP: 5/5
  2073 | D:3      | Reached skill level 1 in Conjurations
  2073 | D:3      | Reached skill level 1 in Hexes
  2073 | D:3      | Reached skill level 1 in Summonings
  2073 | D:3      | Reached skill level 1 in Necromancy
  2073 | D:3      | Reached skill level 1 in Translocations
  2073 | D:3      | Reached skill level 1 in Transmutations
  2073 | D:3      | Reached skill level 1 in Fire Magic
  2073 | D:3      | Reached skill level 1 in Ice Magic
  2073 | D:3      | Reached skill level 1 in Air Magic
  2073 | D:3      | Reached skill level 1 in Earth Magic
  2073 | D:3      | Reached skill level 1 in Poison Magic
  2073 | D:3      | Reached skill level 1 in Shapeshifting
  2267 | D:3      | HP: 1/34 [orc/+0 hand axe of electrocution (7)]
  2268 | D:3      | Slain by an orc

Illustrated notes

Levels and vault maps discovered:
D:1:      psy_arrival_dodecagon, layout_basic, minmay_tall_x
D:2:      layout_loops_cross, serial_undead, serial_undead_e, serial_undead_f,
          serial_undead_d, serial_undead_f, serial_undead_c, serial_undead_a,
          serial_undead_b, serial_undead_c, serial_undead_d, serial_undead_b
D:3:      layout_rooms, grunt_ministairs_3

Skill      XL: |  1  2  3  4 |
---------------+-------------+-----
Invocations    | 1 |  1.3
Short Blades   | 1 |  1.2
Long Blades    | 1 |  1.2
Axes           | 1 |  1.2
Maces & Flails | 1 |  1.2
Polearms       | 1 |  1.2
Staves         | 1 |  1.2
Ranged Weapons | 1 |  1.2
Throwing       | 1 |  1.2
Shields        | 1 |  1.2
Unarmed Combat | 1 |  1.2
Spellcasting   | 1 |  1.2
Conjurations   | 1 |  1.0
Hexes          | 1 |  1.0
Summonings     | 1 |  1.0
Necromancy     | 1 |  1.0
Translocations | 1 |  1.0
Transmutations | 1 |  1.0
Fire Magic     | 1 |  1.0
Ice Magic      | 1 |  1.0
Air Magic      | 1 |  1.0
Earth Magic    | 1 |  1.0
Poison Magic   | 1 |  1.0
Shapeshifting  | 1 |  1.0
Fighting       | |  2.8
Armour         | |  4.6
Dodging        | |  2.8
Stealth        | |  2.6
Evocations     | |  6.6

Action                     |  1- 3 |  4- 6 || total
---------------------------+-------+-------++-------
  Melee: Club              |   202 |    93 ||   295
         Bite              |    21 |     5 ||    26
         Punch             |       |     3 ||     3
  Evoke: Wand              |       |     3 ||     3
    Use: Potion            |     2 |     1 ||     3
   Stab: Sleeping          |     2 |     1 ||     3
         Invisible         |       |     1 ||     1
 Armour: Leather armour    |    49 |    39 ||    88
         Skin              |    32 |       ||    32
  Dodge: Dodged            |   180 |    79 ||   259

Table legend: (Time is in decaauts)
 A = Elapsed time spent in this place.
 B = Non-inter-level travel time spent in this place.
 C = Inter-level travel time spent in this place.
 D = Time resting spent in this place.
 E = Time spent auto-exploring this place.
 F = Levels seen in this place.
 G = Mean time per level.
                   A        B        C        D        E       F      G
               +--------+--------+--------+--------+--------+-----+--------+
         Total |   2346 |   2289 |     57 |    159 |   1479 |   3 |  782.0 |
       Dungeon |   2346 |   2289 |     57 |    159 |   1479 |   3 |  782.0 |
               +--------+--------+--------+--------+--------+-----+--------+

Top non-repeatable levels by time:
     D:1: 1154 daAuts
     D:2: 977 daAuts
     D:3: 214 daAuts
